2643 views
Uploaded 2020-12-24 07:45:14
Game version 1.32.9
19:29 long 1on1 custom game on (2)TwistedMeadows
Game name "w3c-20-uw-itkEl0"
Saved by Savage
2643 views
Uploaded 2020-12-24 07:45:14
Game version 1.32.9
19:29 long 1on1 custom game on (2)TwistedMeadows
Game name "w3c-20-uw-itkEl0"

53 units @ 8.1k
/ 1.3k
13 buildings @ 2.1k
/ 0.7k



| Rod of Necromancy | 2 | 300 |
| Orb of Corruption | 1 | 375 |
| Potion of Mana | 2 | 400 |
| Dust of Appearance | 3 | 225 |
| Scroll of Town Portal | 1 | 350 |
| total: | 9 | 1650g |
| Acolyte | 15 | 1125 | / | 0 |
| Ghoul | 2 | 240 | / | 0 |
| Crypt Fiend | 13 | 2795 | / | 520 |
| Obsidian Statue | 7 | 1400 | / | 245 |
| Banshee | 15 | 2325 | / | 450 |
| Goblin Zeppelin | 1 | 240 | / | 60 |
| total: | 53 | 8125g | / | 1275w |
| Nerubian Tower | 2 | 200 | / | 40 |
| Ziggurat | 6 | 900 | / | 300 |
| Altar of Darkness | 1 | 180 | / | 50 |
| Crypt | 1 | 200 | / | 50 |
| Tomb of Relics | 1 | 130 | / | 30 |
| Graveyard | 1 | 215 | / | 0 |
| Necropolis | 1 | 225 | / | 0 |
| Slaughterhouse | 1 | 140 | / | 135 |
| Temple of the Damned | 1 | 155 | / | 140 |
| Halls of the Dead | 1 | 320 | / | 210 |
| Black Citadel | 1 | 325 | / | 230 |
| total: | 13 | 2145g | / | 705w |
| 0:01 | Acolyte |
| 0:03 | Ziggurat |
| 0:06 | Altar of Darkness |
| 0:08 | Acolyte |
| 0:32 | Crypt |
| 0:40 | Acolyte |
| 0:56 | Tomb of Relics |
| 1:16 | Graveyard |
| 1:32 | Ghoul |
| 1:43 | Ghoul |
| 2:03 | Rod of Necromancy |
| 2:07 | Death Coil |
| 2:41 | Halls of the Dead |
| 3:04 | Crypt Fiend |
| 3:10 | Ziggurat |
| 3:11 | Nerubian Tower |
| 3:26 | Unholy Aura |
| 4:01 | Crypt Fiend |
| 4:29 | Crypt Fiend |
| 4:54 | Rod of Necromancy |
| 4:54 | Dust of Appearance |
| 5:30 | Black Citadel |
| 5:43 | Slaughterhouse |
| 5:59 | Frost Armor |
| 6:00 | Ziggurat |
| 6:51 | Obsidian Statue |
| 6:57 | Crypt Fiend |
| 7:29 | Obsidian Statue |
| 7:32 | Temple of the Damned |
| 7:34 | Death Coil |
| 7:48 | Ziggurat |
| 8:24 | Burrow |
| 8:42 | Orb of Corruption |
| 8:42 | Dust of Appearance |
| 8:43 | Frost Nova |
| 8:49 | Banshee |
| 9:02 | Acolyte |
| 9:24 | Destroyer Form |
| 9:50 | Silence |
| 9:59 | Dust of Appearance |
| 10:09 | Acolyte |
| 10:11 | Ziggurat |
| 10:12 | Creature Attack |
| 10:43 | Necropolis |
| 10:50 | Black Arrow |
| 10:51 | Frost Nova |
| 11:21 | Death Pact |
| 11:29 | Acolyte |
| 11:59 | Black Arrow |
| 12:13 | Crypt Fiend |
| 12:14 | Obsidian Statue |
| 12:14 | Banshee |
| 12:15 | Acolyte |
| 12:28 | Acolyte |
| 12:32 | Acolyte |
| 12:32 | Acolyte |
| 12:43 | Acolyte |
| 12:43 | Acolyte |
| 12:59 | Acolyte |
| 12:59 | Ziggurat |
| 13:28 | Banshee |
| 13:37 | Banshee |
| 13:40 | Obsidian Statue |
| 13:43 | Obsidian Statue |
| 13:44 | Crypt Fiend |
| 13:53 | Nerubian Tower |
| 14:02 | Banshee |
| 14:02 | Banshee |
| 14:02 | Banshee |
| 14:02 | Banshee |
| 14:19 | Obsidian Statue |
| 14:32 | Crypt Fiend |
| 14:48 | Acolyte |
| 14:51 | Scroll of Town Portal |
| 15:11 | Crypt Fiend |
| 15:39 | Banshee |
| 15:49 | Crypt Fiend |
| 16:03 | Banshee |
| 16:07 | Goblin Zeppelin |
| 16:35 | Crypt Fiend |
| 16:36 | Banshee |
| 16:47 | Obsidian Statue |
| 17:03 | Banshee |
| 17:05 | Crypt Fiend |
| 17:18 | Dark Ritual |
| 17:22 | Potion of Mana |
| 17:26 | Potion of Mana |
| 17:31 | Acolyte |
| 18:15 | Banshee |
| 18:43 | Crypt Fiend |
| 18:44 | Banshee |
| 18:56 | Crypt Fiend |
| 19:00 | Banshee |
| 19:18 | Silence |
| Select group | 2190 |
| Right click | 1962 |
| Select | 1510 |
| Misc. action | 405 |
| Build/train/purchase | 242 |
| Assign group | 226 |
| Use ability | 144 |
| Item give/drop | 14 |
| Esc | 6 |
| Chat | 6 |
42 units @ 6.5k
/ 1k
15 buildings @ 2.5k
/ 0.8k



| Healing Salve | 7 | 700 |
| Scroll of Speed | 2 | 100 |
| Lesser Clarity Potion | 7 | 490 |
| Orb of Lightning | 2 | 750 |
| Tiny Great Hall | 1 | 600 |
| Potion of Mana | 2 | 400 |
| Dust of Appearance | 1 | 75 |
| Circlet of Nobility | 1 | 175 |
| Potion of Lesser Invulnerability | 3 | 450 |
| total: | 26 | 3740g |
| Peon | 7 | 525 | / | 0 |
| Grunt | 3 | 600 | / | 0 |
| Raider | 8 | 1440 | / | 320 |
| Kodo Beast | 3 | 765 | / | 180 |
| Troll Berserker | 16 | 2240 | / | 320 |
| Spirit Walker | 5 | 975 | / | 175 |
| total: | 42 | 6545g | / | 995w |
| Altar of Storms | 4 | 720 | / | 200 |
| Orc Burrow | 6 | 960 | / | 240 |
| Barracks | 1 | 180 | / | 50 |
| Voodoo Lounge | 1 | 130 | / | 30 |
| War Mill | 1 | 205 | / | 0 |
| Beastiary | 1 | 145 | / | 140 |
| Tauren Totem | 1 | 135 | / | 155 |
| Stronghold | 1 | 315 | / | 190 |
| Fortress | 1 | 325 | / | 190 |
| total: | 15 | 2475g | / | 815w |
| 0:01 | Peon |
| 0:02 | Altar of Storms |
| 0:02 | Altar of Storms |
| 0:03 | Altar of Storms |
| 0:03 | Altar of Storms |
| 0:11 | Peon |
| 0:17 | Orc Burrow |
| 0:18 | Peon |
| 0:33 | Barracks |
| 0:44 | Peon |
| 0:57 | Peon |
| 1:03 | Peon |
| 1:21 | Voodoo Lounge |
| 1:34 | Grunt |
| 1:40 | Peon |
| 2:04 | Wind Walk |
| 2:15 | Circlet of Nobility |
| 2:23 | Stronghold |
| 2:37 | Orc Burrow |
| 2:52 | Healing Salve |
| 2:52 | Healing Salve |
| 2:52 | Scroll of Speed |
| 3:08 | Orc Burrow |
| 3:23 | Critical Strike |
| 3:29 | Grunt |
| 3:49 | Grunt |
| 4:57 | Beastiary |
| 5:18 | Fortress |
| 5:42 | Healing Salve |
| 5:42 | Healing Salve |
| 5:42 | Scroll of Speed |
| 5:43 | Lesser Clarity Potion |
| 5:44 | Hex |
| 5:49 | Wind Walk |
| 6:00 | Raider |
| 6:40 | Raider |
| 6:41 | Ensnare |
| 6:52 | War Mill |
| 6:57 | Orc Burrow |
| 7:32 | Tauren Totem |
| 8:19 | Kodo Beast |
| 8:35 | Reinforced Defenses |
| 8:38 | Berserker Upgrade |
| 8:44 | Healing Salve |
| 8:44 | Healing Salve |
| 8:57 | Lesser Clarity Potion |
| 9:03 | Spirit Walker Adept Training |
| 9:08 | Healing Wave |
| 9:24 | War Drums Damage Increase |
| 9:34 | War Stomp |
| 9:39 | Troll Berserker |
| 9:45 | Potion of Lesser Invulnerability |
| 10:07 | Troll Berserker |
| 10:09 | Spirit Walker |
| 10:13 | Lesser Clarity Potion |
| 10:20 | Endurance Aura |
| 10:34 | Healing Wave |
| 10:37 | Orb of Lightning |
| 10:37 | Orb of Lightning |
| 11:08 | Critical Strike |
| 11:16 | Orc Burrow |
| 11:34 | War Stomp |
| 12:09 | Potion of Lesser Invulnerability |
| 12:15 | Dust of Appearance |
| 12:19 | Kodo Beast |
| 12:19 | Troll Berserker |
| 12:19 | Spirit Walker |
| 12:53 | Troll Berserker |
| 13:28 | Troll Berserker |
| 13:44 | Lesser Clarity Potion |
| 13:46 | Tiny Great Hall |
| 13:52 | Raider |
| 14:15 | Healing Salve |
| 14:26 | Troll Berserker |
| 14:40 | Potion of Lesser Invulnerability |
| 14:51 | Lesser Clarity Potion |
| 14:58 | Troll Berserker |
| 15:08 | Raider |
| 15:10 | Spirit Walker |
| 15:35 | Spirit Walker |
| 15:35 | Troll Berserker |
| 15:40 | Endurance Aura |
| 15:53 | Steel Ranged Weapons |
| 15:55 | Raider |
| 16:08 | Troll Berserker |
| 16:16 | Hex |
| 16:20 | Kodo Beast |
| 16:38 | Lesser Clarity Potion |
| 16:41 | Lesser Clarity Potion |
| 16:41 | Potion of Mana |
| 16:44 | Critical Strike |
| 16:57 | Troll Berserker |
| 17:06 | Potion of Mana |
| 17:12 | Orc Burrow |
| 17:13 | Thorium Ranged Weapons |
| 17:16 | Troll Berserker |
| 17:35 | Troll Berserker |
| 18:20 | Troll Berserker |
| 18:21 | Raider |
| 18:53 | Raider |
| 18:54 | Troll Berserker |
| 18:58 | Spirit Walker |
| 18:59 | Troll Berserker |
| 19:13 | Troll Berserker |
| 19:13 | Raider |
| Select group | 3080 |
| Right click | 2102 |
| Select | 1337 |
| Build/train/purchase | 215 |
| Misc. action | 213 |
| Assign group | 105 |
| Use ability | 84 |
| Item give/drop | 9 |
| Esc | 3 |